 Dungeon Crawl Stone Soup version 0.18-a0-896-g1c42501 (webtiles) character file.

105 Proton the Shield-Bearer (level 5, 0/42 HPs)
             Began as a Formicid Fighter on Dec 24, 2015.
             Was an Initiate of Okawaru.
             Slain by a goblin (1 damage)
             ... on level 2 of the Dungeon.
             The game lasted 00:03:09 (1776 turns).

Proton the Shield-Bearer (Formicid Fighter)         Turns: 1776, Time: 00:03:09

Health: 0/42       AC:  6    Str: 22    XL:     5   Next: 9%
Magic:  5/5        EV:  8    Int:  7    God:    Okawaru [......]
Gold:   134        SH:  9    Dex: 10    Spells: 0 memorised, 4 levels left

rFire  . . .     SeeInvis +     a - +0 long sword
rCold  + . .     Gourm    .     b - +0 scale mail
rNeg   . . .     Faith    .     c - +0 shield
rPois  .         Spirit   .     (helmet unavailable)
rElec  .         Dismiss  .     (no cloak)
rCorr  .         Reflect  .     (no gloves)
SustAt .         Harm     .     (no boots)
MR     .....                    (no amulet)
Stlth  ..........               t - ring of protection from cold
                                h - ring of loudness (curse)

@: drained, not resistant to hostile enchantments, extremely unstealthy
A: permanent stasis, dig shafts and tunnels, four strong arms, antennae 3
a: Dig, Shaft Self, Renounce Religion


You were on level 2 of the Dungeon.
You worshipped Okawaru.
Okawaru was noncommittal.
You were very hungry.

You visited 1 branch of the dungeon, and saw 3 of its levels.

You collected 134 gold pieces.

Inventory:

Hand Weapons
 a - a +0 long sword (weapon)
Armour
 b - a +0 scale mail (worn)
 c - a +0 shield (worn)
 y - a +0 cloak
Jewellery
 h - a cursed ring of loudness (left hand)
 t - a ring of protection from cold (right hand)
Scrolls
 e - a scroll of magic mapping {unknown}
 g - 2 scrolls of identify {unknown}
 l - a scroll of random uselessness {unknown}
 m - a scroll of enchant armour {unknown}
 o - 5 scrolls of remove curse {unknown}
 q - a scroll of enchant weapon {unknown}
 r - a scroll of recharging {unknown}
 u - 2 scrolls of teleportation {unknown}
 w - a scroll of amnesia {unknown}
 x - a scroll of noise {unknown}
Potions
 d - 4 potions of might
 k - 2 potions of lignification {unknown}
 n - a potion of degeneration {unknown}
 p - 2 potions of agility {unknown}
 s - a potion of mutation {unknown}
 v - a potion of curing {unknown}
Comestibles
 f - 3 bread rations
 i - a meat ration
 j - a royal jelly
 z - a beef jerky


   Skills:
 + Level 4.1(3.4) Fighting
 + Level 2.4(1.8) Long Blades
 + Level 3.8(3.2) Armour
 + Level 1.4(0.8) Dodging
 + Level 4.2(3.6) Shields
 + Level 1.2(0.6) Invocations


You had 4 spell levels left.
You didn't know any spells.

Dungeon Overview and Level Annotations

Branches:
Dungeon (3/15)

Altars:
Okawaru
The Shining One

Annotations:
D:3 Ijyb, Natasha


Innate Abilities, Weirdness & Mutations

You are under a permanent stasis effect.
You can dig through walls and to a lower floor.
Your four strong arms can wield two-handed weapons with a shield.
You have a pair of large antennae on your head (SInv).


Message History

The hound is severely wounded.
The hound barely misses you. You block the hobgoblin's attack.
The hound bites you.
* * * LOW HITPOINT WARNING * * *
You block the goblin's attack.
The hobgoblin hits you but does no damage.
The hound bites you but does no damage.
You hit the hound but do no damage.
The hound is severely wounded.
You block the hound's attack. You block the goblin's attack.
The hobgoblin barely misses you. The hound barely misses you.
The goblin closely misses you.
Okay, then.
You slash the hound!
You kill the hound!
Okawaru is honoured by your kill.
Your base Invocations skill increases to level 1!
You have reached level 5!
The hobgoblin barely misses you. The goblin hits you.
You die...

##......# ####..#####
##......# #####....#
######.## #.....#### # #.#
#.##### # #.####.# ###
#..#...# ..####..#.###
..........# ############
#.###..#.#######@†....)...#
...............g.g........#
..###.#####.####..........#
#.###.#####.## ###..#######
#.....>...#..# ###.##
#.........##.# #...#
....÷.....##.###.###
..<.......##.....#
#.........##.....#


You could see a hobgoblin and a goblin.

Vanquished Creatures
  A hound (D:2)
  3 adders (D:2)
  A worm (D:2)
  2 giant geckos
  5 bats
  2 giant cockroaches
  6 hobgoblins
  4 quokkas
  A ball python (D:3)
  A giant newt (D:1)
  5 goblins
  4 kobolds
  4 rats
39 creatures vanquished.

Notes
Turn   | Place    | Note
--------------------------------------------------------------
     0 | D:1      | Proton the Formicid Fighter began the quest for the Orb.
     0 | D:1      | Reached XP level 1. HP: 18/18 MP: 1/1
   185 | D:1      | Reached XP level 2. HP: 22/24 MP: 2/2
   666 | D:1      | Found an iron altar of Okawaru.
   677 | D:1      | Became a worshipper of Warmaster Okawaru
   839 | D:2      | Reached skill level 1 in Dodging
   842 | D:2      | Reached XP level 3. HP: 27/30 MP: 3/3
   908 | D:2      | Reached skill level 4 in Shields
  1051 | D:2      | Found a glowing golden altar of the Shining One.
  1133 | D:2      | Reached XP level 4. HP: 24/37 MP: 4/4
  1518 | D:3      | Noticed Ijyb
  1758 | D:3      | Noticed Natasha
  1774 | D:2      | HP: 1/37 [hound (5)]
  1776 | D:2      | Reached skill level 1 in Invocations
  1776 | D:2      | Reached XP level 5. HP: 1/42 MP: 5/5
  1776 | D:2      | Slain by a goblin

Vault maps used:
D:1:      lightli_arrival_lavapool, serial_co_window_serial,
          co_window_of_opportunity_a, co_window_paths_b, co_window_corner_a,
          co_window_corner_a, co_window_of_opportunity_a, co_window_paths_a,
          co_window_paths_a, co_window_corner_b, co_window_of_opportunity_c,
          co_window_corner_b, co_window_unsneaky_path_c, co_window_2corner,
          co_window_paths_c, co_window_paths_e, glass_columns_a,
          glass_columns_b, glass_columns_a, glass_columns_a,
          okawaru_ov_weapons_minmay
D:2:      nicolae_tso_swordbearing_angel
D:3:      ecumenical_altar_2, johnstein_pakellas_dig, uniq_iyjb, uniq_jessica,
          uniq_natasha

Action                   |  1- 3 |  4- 6 || total
-------------------------+-------+-------++-------
Melee: Long sword        |    91 |    70 ||   161
  Eat: Chunk             |       |     2 ||     2
